Cogmind - Beta 16 @@@ ROGUE MODE // 2025.10.27 @ 05:32:33 Player: War__Prophet Result: Destroyed by Explosive Trap Performance ------------- Evolutions (1) 500 Regions Visited (3) 600 Robots Destroyed (17) 85 Value Destroyed (507) 507 Prototype IDs (2) 40 Alien Tech Used (0) 0 Bonus (0) 0 TOTAL SCORE: 1732 Bonus ------- None Cogmind --------- Core Integrity 0/400 Matter 240/300 Energy 124/125 System Corruption 0% Temperature Cool (0) Movement Rolling (130) Ox2 Location -9/Storage Parts ------- > --- POWER (1) -------- Light Ion Engine > --- PROPULSION (2) --- Compact Wheel > --- UTILITY (4) ------ Large Storage Unit Propulsion Shielding Propulsion Shielding > --- WEAPON (2) ------- Advanced Beam Cannon Advanced Beam Cannon > --- INVENTORY (15) --- Ion Engine Hover Unit Improved Hover Unit Large Storage Unit Advanced Beam Cannon Peak State ------------ > --- POWER ------------ Light Ion Engine > --- PROPULSION ------- Compact Wheel > --- UTILITY ---------- Large Storage Unit Propulsion Shielding Propulsion Shielding > --- WEAPON ----------- Advanced Beam Cannon Advanced Beam Cannon > --- INVENTORY -------- Ion Engine Hover Unit Improved Hover Unit Large Storage Unit Advanced Beam Cannon [Rating: 11] Favorites ----------- Power Ion Engine Engine Ion Engine Propulsion Compact Wheel Leg Aluminum Leg Wheel Compact Wheel Utility Small Storage Unit Storage Small Storage Unit Protection Propulsion Shielding Weapon Hammer Energy Cannon Advanced Beam Cannon Ballistic Gun Assault Rifle Impact Weapon Hammer Build | -11 -10 -9 -9 ------- Run | Yrd Mat Mat Sto Slots Evolved 2 | . . 2 . Power . | . . . . Propulsion . | . . . . Utility 2 | . . 2 . Weapon . | . . . . Parts Attached 18 | 5 . 12 1 Power 4 | 1 . 2 1 Engine 4 | 1 . 2 1 Core . | . . . . Reactor . | . . . . Propulsion 5 | 2 . 3 . Treads . | . . . . Leg 2 | . . 2 . Wheel 3 | 2 . 1 . Hover . | . . . . Flight . | . . . . Utility 4 | 1 . 3 . Device . | . . . . Storage 2 | 1 . 1 . Processor . | . . . . Hackware . | . . . . Protection 2 | . . 2 . Artifact . | . . . . Weapon 5 | 1 . 4 . Energy Gun . | . . . . Energy Cannon 3 | . . 3 . Ballistic Gun 1 | 1 . . . Ballistic Cannon . | . . . . Launcher . | . . . . Special Weapon . | . . . . Impact Weapon 1 | . . 1 . Slashing Weapon . | . . . . Piercing Weapon . | . . . . Special Melee Weapon . | . . . . Unidentified Prototypes 2 | . . 2 . Parts Lost 9 | . . 9 . Power 2 | . . 2 . Propulsion 4 | . . 4 . Utility 1 | . . 1 . Weapon 2 | . . 2 . Highest Loss Streak 4 | . . 4 . To Critical Strikes . | . . . . Average Backups 3 | . 1 4 5 Power 1 | . 1 1 1 Propulsion 1 | . . 2 2 Utility . | . . . 1 Weapon . | . . . 1 Tool/Special . | . . . . Unused Backups 3 | . . 1 2 Power 1 | . . 1 . Propulsion 2 | . . . 2 Utility . | . . . . Weapon . | . . . . Tool/Special . | . . . . Average Slot Usage (%) 52 | . 71 47 67 Engine 7 | . 14 6 1 Leg 5 | . . 7 . Wheel 11 | . 28 7 11 Storage 10 | . 14 9 11 Protection 3 | . . 2 22 Energy Cannon 4 | . . 4 22 Ballistic Gun 4 | . 14 2 . Impact Weapon 4 | . . 6 . Peak Build Rating 11 | 5 5 10 11 Average Rating 5 | 3 5 5 10 On Entrance 5 | . 5 5 10 Avg Prop Armor Cover (%) . | . . . . Naked Turns . | . . . . Heaviest Build 33 | 12 12 30 33 Greatest Support 26 | 26 26 26 16 Greatest Overweight (x) 3 | . . 3 2 Average Overweight (x) . | . . . 1 Largest Inventory Capacity 15 | 8 8 15 15 Average Capacity 8 | 7 8 7 15 Most Carried 7 | 1 2 7 5 Average Carried 4 | . 1 4 5 Final Capacity 15 | 8 8 15 15 Final Carried 5 | 1 2 5 5 Class Distribution -------------------- 84% | Mutant 15% | Scavenger-Mutant Dominant Class ---------------- Mutant | -10/Materials Mutant | -9/Materials Mutant | -9/Storage Resources | -11 -10 -9 -9 ----------- Run | Yrd Mat Mat Sto Matter Collected 378 | 215 46 117 . Remotely . | . . . . Salvage Created 680 | . 46 634 . Parts 24 | . 2 22 . Haulers Intercepted . | . . . . Recyclers Shooed . | . . . . Parts Field Recycled . | . . . . Retrieved Matter . | . . . . Parts Self-Destructed . | . . . . Prevented . | . . . . Parts Restored . | . . . . Kills | -11 -10 -9 -9 ------- Run | Yrd Mat Mat Sto Combat Hostiles Destroyed 15 | . 1 14 . Melee 6 | . . 6 . Guns 3 | . 1 2 . Cannons 3 | . . 3 . Classes Destroyed 6 | . 1 5 . Recycler 1 | . . 1 . Watcher 1 | . . 1 . Swarmer 3 | . . 3 . Grunt 7 | . 1 6 . Brawler 2 | . . 2 . Sentry 3 | . . 3 . Best Kill Streak 4 | . 1 4 . Combat Bots Only 2 | . 1 2 . Max Kills in Single Turn 1 | . 1 1 . Gunslinging . | . . . . Exploded . | . . . . Melee 1 | . . 1 . Uniques/NPCs Destroyed . | . . . . Combat | -11 -10 -9 -9 -------- Run | Yrd Mat Mat Sto Hostile Shots Fired 154 | . 8 146 . Missed 33 | . 1 32 . Hits 121 | . 7 114 . Melee 8 | . . 8 . Projectile 113 | . 7 106 . Critical Strikes 6 | . . 6 . Damage Taken 1413 | . 76 1331 6 Core 424 | . 23 395 6 Absorbed by Shields . | . . . . Core Remaining (%) 95 | 100 90 . . Volleys Fired 30 | . 9 20 1 Largest 2 | . 1 2 2 Hottest 136 | . 20 136 136 Shots Fired 38 | . 9 27 2 Gun 21 | . 9 12 . Cannon 17 | . . 15 2 Launcher . | . . . . Special . | . . . . Kinetic 21 | . 9 12 . Thermal 17 | . . 15 2 Explosive . | . . . . Electromagnetic . | . . . . Robot Hit Streak 6 | . 3 5 6 Robot Miss Streak 2 | . 1 2 1 Penetration Max . | . . . . Secondary Targets . | . . . . Shots Hit Robots 57 | . 7 49 1 Core Hits 14 | . 2 12 . Critical Kills . | . . . . Critical Parts Destroyed 4 | . . 4 . Critical Strikes 4 | . . 4 . Smash 4 | . . 4 . Melee Attacks 44 | . . 44 . Impact 44 | . . 44 . Slashing . | . . . . Piercing . | . . . . Sneak Attacks 2 | . . 2 . Combat Hostiles . | . . . . Follow-up Attacks . | . . . . Damage Inflicted 1134 | . 93 1021 20 Guns 199 | . 93 106 . Cannons 224 | . . 204 20 Explosions . | . . . . Melee 711 | . . 711 . Ramming . | . . . . Kinetic 199 | . 93 106 . Thermal 224 | . . 204 20 Explosive . | . . . . Electromagnetic . | . . . . Impact 711 | . . 711 . Slashing . | . . . . Piercing . | . . . . Highest Corruption . | . . . . Average Corruption . | . . . . Corruption Purged . | . . . . Corruption Blocked . | . . . . Overload Shots . | . . . . Overflow Damage 74 | . . 74 . Projectiles . | . . . . Explosions . | . . . . Melee 74 | . . 74 . Knockbacks 4 | . . 4 . Impact 4 | . . 4 . Kinetic . | . . . . Secondary . | . . . . Self-Inflicted Damage . | . . . . Shots . | . . . . Rammed . | . . . . Targets Rammed . | . . . . Kicked . | . . . . Crushed . | . . . . Highest Temperature 255 | . . 255 51 Average Temperature 90 | . . 97 31 Received Heat Transfer 348 | . 42 306 . Siege Activations . | . . . . Martial Activations . | . . . . Shielding Activations . | . . . . Robots Disrupted . | . . . . Combat Hostiles . | . . . . Robots Corrupted 4 | . . 4 . Combat Hostiles 3 | . . 3 . Parts Fried 7 | . . 7 . Impact Corruptions 7 | . . 7 . Robots Melted . | . . . . Combat Hostiles . | . . . . Parts Melted 2 | . . 2 . Heat Transferred 407 | . . 370 37 Parts Sabotaged . | . . . . Parts Stolen . | . . . . Parts Stripped . | . . . . Power Chain Reactions . | . . . . Alert | -11 -10 -9 -9 ------- Run | Yrd Mat Mat Sto Maximum Alert Level . | . . . . Low Security (%) 100 | 100 100 100 100 Level 1 . | . . . . Level 2 . | . . . . Level 3 . | . . . . Level 4 . | . . . . Level 5 . | . . . . High Security . | . . . . Max Security . | . . . . Peak Influence 107 | . 30 107 34 Initial 34 | . . 12 34 Average 40 | . 1 52 25 Influence Increases 407 | . 30 377 . Destroy 0b10 Robot/C 300 | . 20 280 . Destroy 0b10 Robot/NC 10 | . . 10 . Destroy Leader 82 | . 10 72 . Disable Machine 15 | . . 15 . Influence Decreases 393 | . . 324 69 Entered New Map 67 | . . 18 49 Time Decay 236 | . . 216 20 Lost Part 90 | . . 90 . Squads Dispatched 3 | . 1 1 1 Investigation . | . . . . Extermination . | . . . . Reinforcement 3 | . 1 1 1 Assault . | . . . . Garrison . | . . . . Intercept . | . . . . Searches Triggered . | . . . . Construction Impeded . | . . . . Haulers Reinforced . | . . . . Active Scanning Responses . | . . . . Cargo Convoy Interrupts . | . . . . Stealth | -11 -10 -9 -9 --------- Run | Yrd Mat Mat Sto Distress Signals 2 | . . 2 . Communications Jammed . | . . . . Distress Signals . | . . . . Times Spotted 25 | . 3 21 1 Peak Tracking Total 7 | . 2 7 1 Tactical Retreats . | . . . . Traps | -11 -10 -9 -9 ------- Run | Yrd Mat Mat Sto Traps Triggered 1 | . . . 1 Indirectly . | . . . . Trap Hack Attempts . | . . . . Triggered . | . . . . Disarmed . | . . . . Reprogrammed . | . . . . Reused . | . . . . Traps Extracted . | . . . . Installed . | . . . . Triggered . | . . . . Machines | -11 -10 -9 -9 ---------- Run | Yrd Mat Mat Sto Machines Disabled 1 | . . 1 . Max in Single Turn 1 | . . 1 . Machines Repaired . | . . . . Machines Dismantled . | . . . . Machines Sabotaged . | . . . . Overloaded Fab Kills . | . . . . Hacking | -11 -10 -9 -9 --------- Run | Yrd Mat Mat Sto Machines Accessed 1 | . . 1 . Terminals . | . . . . Fabricators . | . . . . Repair Stations . | . . . . Recycling Units . | . . . . Scanalyzers 1 | . . 1 . Garrison Access . | . . . . Total Hacks 5 | . . 5 . Successful 4 | . . 4 . Failed 1 | . . 1 . Catastrophic . | . . . . Database Lockouts . | . . . . Manual . | . . . . Terminals . | . . . . Fabricators . | . . . . Repair Stations . | . . . . Recycling Units . | . . . . Scanalyzers 5 | . . 5 . Garrison Access . | . . . . Terminal Hacks . | . . . . Fabricator Hacks . | . . . . Repair Station Hacks . | . . . . Recycling Unit Hacks . | . . . . Scanalyzer 4 | . . 4 . Insert Component 2 | . . 2 . Analyze 2 | . . 2 . Garrison Access Hacks . | . . . . Unauthorized Hacks . | . . . . Terminals . | . . . . Fabricators . | . . . . Repair Stations . | . . . . Recycling Units . | . . . . Scanalyzers . | . . . . Garrison Access . | . . . . Data Cores Recovered . | . . . . Used . | . . . . Hacking Detections 1 | . . 1 . Full Trace Events . | . . . . Feedback Events . | . . . . Feedback Blocked . | . . . . Robot Schematics Acquired . | . . . . Robots Built . | . . . . Authchips . | . . . . Time . | . . . . Total Robot Build Rating . | . . . . Part Schematics Acquired 1 | . . 1 . Parts Built . | . . . . Authchips . | . . . . Time . | . . . . Total Part Build Rating . | . . . . Part Studies Acquired . | . . . . Parts Repaired . | . . . . Time . | . . . . Parts Recycled . | . . . . Recycled Matter . | . . . . Retrieved Matter . | . . . . Retrieved Components . | . . . . Parts Scanalyzed 2 | . . 2 . Part Schematics Acquired 1 | . . 1 . Parts Damaged . | . . . . Bothacking | -11 -10 -9 -9 ------------ Run | Yrd Mat Mat Sto Used RIF Installer . | . . . . Robots Hacked . | . . . . Non-combat . | . . . . Combat . | . . . . Robot Hacks Applied . | . . . . Relay Couplers Released . | . . . . Fabnet Peak Effective % . | . . . . Robots Rewired . | . . . . Allies Hacked . | . . . . Hacks Repelled . | . . . . Allies | -11 -10 -9 -9 -------- Run | Yrd Mat Mat Sto Total Allies . | . . . . Largest Group . | . . . . Highest-Rated Group . | . . . . Highest-Rated Ally . | . . . . Total Orders . | . . . . Ally Attacks . | . . . . Total Damage . | . . . . Kills . | . . . . Allies Corrupted . | . . . . Allies Melted . | . . . . Intel | -11 -10 -9 -9 ------- Run | Yrd Mat Mat Sto Active Infowar (turns) . | . . . . Robot Analysis Total . | . . . . Derelict Logs Recovered . | . . . . Drone Launches . | . . . . Drone Recoveries . | . . . . Exploration | -11 -10 -9 -9 ------------- Run | Yrd Mat Mat Sto Turns Passed 740 | 46 98 546 50 Spaces Moved 487 | 43 88 317 39 Core 17 | 1 . 16 . Treads . | . . . . Legs 98 | . . 98 . Wheels 372 | 42 88 203 39 Hover . | . . . . Flight . | . . . . Fastest Speed 50 | 50 90 90 115 Average Speed 103 | 88 90 107 118 Slowest Speed 200 | 90 90 200 130 Overloaded Moves . | . . . . Propulsion Burnouts . | . . . . Robots Hopped . | . . . . Potential Cave-ins . | . . . . Cave-ins Triggered . | . . . . Exploration Rate (%) 15 | 4 21 26 10 Regions Visited 3 Branch Regions 1 Pre-discovered Areas . | . . . . Known Exits Taken . | . . . . Unknown Exits Taken 3 | 1 1 1 . Scrap Searched . | . . . . Spaces Dug . | . . . . Terrain Destroyed . | . . . . Melee . | . . . . Projectile . | . . . . AOE . | . . . . Terrain Rammed . | . . . . Walls Destroyed . | . . . . Machines Disabled . | . . . . Actions | -11 -10 -9 -9 --------- Run | Yrd Mat Mat Sto Total 599 | 48 97 413 41 Wait 13 | . . 13 . Move 484 | 42 87 316 39 Hop . | . . . . Pick Up 7 | 1 1 5 . Fast Attach 15 | 5 . 9 1 Attach 3 | . . 3 . Detach 2 | . . 2 . Swap 1 | . . 1 . Drop . | . . . . Fire 30 | . 9 20 1 Melee 44 | . . 44 . Ram . | . . . . Kick . | . . . . Crush . | . . . . Escape Stasis . | . . . . Rewire . | . . . . Trap . | . . . . Miscellaneous . | . . . . Route ------- -11/Scrapyard -10/Materials (discovered 2 exits: *Mat / [*Min]) -9/Materials -9/Storage History --------- Turn | Location | Event 32 | -11/Scrapyard | Discovered new exit (range 14) 47 | -11/Scrapyard | Entered Materials 77 | -10/Materials | Discovered new exit (range 12) 123 | -10/Materials | Discovered new exit (range 10) 145 | -10/Materials | Entered another Materials area 145 | -9/Materials | Evolved 2 slots: Utility x2 301 | -9/Materials | Build established: Mutant 536 | -9/Materials | Core integrity fell below 50% 580 | -9/Materials | Core integrity fell below 20% 623 | -9/Materials | Lost 4 parts (1p1n1u1w) 681 | -9/Materials | Discovered new exit (range 9) 691 | -9/Materials | Entered Storage 741 | -9/Storage | Destroyed by Explosive Trap Last Messages --------------- 00647_ R-06 Scavenger collects Hvy. Assault Rifle. 00648_ R-06 Scavenger collects Corrupted Hvy. Assault Rifle. 00649_ K-01 Serf cleans the Recycling Unit. 00650_ R-06 Scavenger inserts Hvy. Assault Rifle into recycling unit. 00667_ Acquired Lrg. Storage Unit. 00681_ EXIT=FOUND LOCATION=UNKNOWN GOAL=ESCAPE 00710_ O-16 Technician: "IFF HANDSHAKE FAILED. SECURING TERMINAL." 00717_ O-16 Technician uses terminal to summon reinforcements. 00717_ ALERT: Hostiles spotted, dispatching reinforcements to Terminal S009. 00717_ O-16 Technician locks terminal. 00730_ Acquired Lgt. Ion Engine. 00741_ Triggered Explosive Trap. 00741_ An explosion rips through the floor. Map ----- +----------------------------------------------------+ | | | | | | | | | | | | | | | | | | | | | | | | | | | | | | | ???????###############?????????????????? | | ??????## ] #?????????????????? | | ??????#" #?????????????????? | | ??????#T """"" """"" #?????????????????? | | ???????" """"" """"" #?????????????????? | | ???????# """"" """"" #?????????????????? | | ???????# #?????????????????? | | ???????#######+###############?????????? | | ????????# ????????? | | ????????# ^ ????????? | | ????????# @ ????????? | | ????????######+#########+####??????????? | | ?????????# #????????????????????? | | ?????????# """ "#????????????????????? | | ?????????# """ T#????????????????????? | | ?????????# """ "#????????????????????? | | ?????????# #????????????????????? | | ?????????# #????????????????????? | | ?????????# * #????????????????????? | | ?????????# ** #????????????????????? | | ?????????# * #????????????????????? | | ?????????##########????????????????????? | | ???????????????????????????????????????? | | ???????????????????????????????????????? | | ???????????????????????????????????????? | | ???????????????????????????????????????? | | ???????????????????????????????????????? | | ???????????????????????????????????????? | | ???????????????????????????????????????? | | ???????????????????????????????????????? | | ???????????????????????????????????????? | | ???????????????????????????????????????? | | ???????????????????????????????????????? | | ???????????????????????????????????????? | | ???????????????????????????????????????? | +----------------------------------------------------+ Best States ------------- Heat Dissipation 28 Energy Generation 14 Energy Capacity 280 Matter Stores 300 Matter Capacity 300 Sight Range 16 Terrain Scan Density 10 Propulsion Shielding 33 Evasion (%) 55 Item Schematics ----------------- Com. Wheel | -9/Materials | Scanalyzed Robot Schematics ------------------ None Fabricated ------------ Nothing Repaired ---------- Nothing Studied --------- None Alien Tech Used ----------------- None Achievements -------------- None Challenges ------------ None Game ------ Seed SubdwellerProjectionShotgun Manual? 0 Play Time 00:04:55 Cumulative 39.7 hours Start 2025.10.27 @ 05:27:56 End 2025.10.27 @ 05:32:33 Sessions 1 Manual Loads 0 Difficulty Rogue Special Mode None Game No. 161 Rogue 161 Adventurer 0 Explorer 0 Win Type - Total 0 Types 0/0/0/0/0/0/0/0/0/0 Lore% 12 Gallery% 32 Achievement% 20 Wizard Run 0 Options --------- Layout 1 ASCII 0 Keyboard 1 Movement Vi Keybinds 0 Fullscreen 1 Font 16/SmallcapsGlow Map View 55x38 Zoom Use 0% Tactical HUD 1 Map Filters NONE Filters NONE Steam 1 RUN: 003010a5-721a-46d2-b862-b55d737c8285